 Dungeon Crawl Stone Soup version 0.25.1-2-g60ff931df9 (webtiles) character file.

Game seed: 15036592852317074425

2304 z0mbie90 the Cleaver (level 9, -13/121 HPs)
             Began as a Minotaur Berserker on Aug 23, 2020.
             Was an Elder of Trog.
             Killed from afar by a steam dragon (16 damage)
             ... with a ball of steam
             ... on level 7 of the Dungeon.
             The game lasted 00:24:52 (7058 turns).

z0mbie90 the Cleaver (Minotaur Berserker)           Turns: 7058, Time: 00:24:53

Health: -13/121    AC:  5    Str: 25      XL:     9   Next: 18%
Magic:  8/8        EV: 13    Int:  4      God:    Trog [****..]
Gold:   290        SH:  0    Dex:  6 (10) Spells: 8/8 levels left

rFire    . . .     SeeInvis .   u - +0 hand axe
rCold    . . .     Gourm    .   (no shield)
rNeg     . . .     Faith    .   z - +0 leather armour
rPois    .         Spirit   .   (helmet restricted)
rElec    .         Reflect  .   (no cloak)
rCorr    .         Harm     .   (no gloves)
MR       .....                  x - +0 pair of boots
Stlth    ..........             (no amulet)
HPRegen  0.30/turn              (no ring)
MPRegen  0.11/turn              (no ring)

@: berserking, very quick
A: retaliatory headbutt, horns 2
a: Berserk, Trog's Hand, Brothers in Arms, Renounce Religion


You were on level 7 of the Dungeon.
You worshipped Trog.
Trog was greatly pleased with you.
You were not hungry.

You visited 1 branch of the dungeon, and saw 7 of its levels.

You collected 290 gold pieces.

Inventory:

Hand Weapons
 a - a +0 hand axe
 j - a +1 dagger of venom
 u - a +0 hand axe (weapon)
Armour
 i - a +0 ring mail
 k - a +0 chain mail
 x - a +0 pair of boots (worn)
 z - a +0 leather armour (worn)
 B - a scarf of invisibility
Scrolls
 d - a scroll of random uselessness {unknown}
 e - 4 scrolls of identify
 f - 5 scrolls of teleportation
 g - 2 scrolls of magic mapping {unknown}
 o - a scroll of enchant armour {unknown}
 p - a scroll of torment {unknown}
 q - 2 scrolls of enchant weapon {unknown}
 s - 4 scrolls of remove curse {unknown}
 t - a scroll of fear {unknown}
 v - a scroll of noise {unknown}
 y - a scroll of fog {unknown}
Potions
 b - a potion of lignification {unknown}
 h - 5 potions of curing
 l - 2 potions of might {unknown}
 m - 2 potions of stabbing {unknown}
 n - 2 potions of flight
 r - 2 potions of brilliance {unknown}
 w - 4 potions of haste {unknown}
Comestibles
 c - 14 rations


   Skills:
 + Level 8.2 Fighting
 * Level 9.7 Axes
 + Level 6.7 Armour
 + Level 6.2 Dodging


You had 8 spell levels left.
You didn't know any spells.
Your spell library was empty.

Dungeon Overview and Level Annotations

Branches:
Dungeon (7/15)             Temple (0/1) D:7

Altars:
Sif Muna
Trog
Uskayaw
Vehumet
Yredelemnul


Innate Abilities, Weirdness & Mutations

You reflexively headbutt those who attack you in melee.
You have a pair of horns on your head.


Message History

The steam dragon bites you.
* * * LOW HITPOINT WARNING * * *
The steam dragon misses you.
A red film seems to cover your vision as you go berserk!
You feel yourself moving faster!
You feel mighty!
You feel a lot more hungry. The steam dragon breathes steam at you.
The ball of steam misses you.
The ball of steam hits the fungus!!
The steam dragon breathes steam at you. The ball of steam hits you!
* * * LOW HITPOINT WARNING * * *
You closely miss the steam dragon.
The steam dragon is moderately wounded.
You closely miss the steam dragon. You hit the fungus.
You are engulfed in a cloud of scalding steam.
* * * LOW HITPOINT WARNING * * *
The fungus is engulfed in a cloud of scalding steam.
The fungus is destroyed!
The steam dragon breathes steam at you. The ball of steam hits you!
You die...

.###..........#####.....###....#
.............##..P###...##....##
#..#........##.≈..≈≈#..##....##
#.#######...#≈P....≈##..#...##
.##.....##..#P...[..P#....###
.#.......#..#P.....≈.#.....#
.....<......##....≈≈##....##
..⌠.....⌠....##PDD≈≈#....##
..............##@..##....#
....⌠.⌠.......##§.P#.....#
...............#§..#.#####
..⌠.....⌠......#P..#..#
#....>....(..###≈..####
.#.......#...# #≈.P#
.##.....##..####≈.##
######.....##≈.#
...........##..#


You could see 2 steam dragons.

Vanquished Creatures
  A spriggan (D:7)
  Sigmund (D:6)
  Menkaure (D:7)
  An ice beast (D:5)
  A sky beast (D:7)
  3 phantoms
  An ogre (D:5)
  A centaur (D:6)
  A big kobold (D:7)
  A bullfrog (D:6)
  2 scorpions (D:7)
  A howler monkey (D:6)
  A bullfrog zombie (D:5)
  2 crimson imps
  A quasit (D:7)
  6 hounds
  4 orc priests
  An iguana (D:4)
  3 orc wizards (D:4)
  8 worker ants
  A hound zombie (D:5)
  A hound skeleton (D:4)
  A howler monkey zombie (D:7)
  Robin (D:3)
  8 adders
  An ooze (D:1)
  An adder zombie (D:6)
  2 adder skeletons
  5 worms
  2 dart slugs (D:2)
  6 leopard geckos
  18 orcs
  6 giant cockroaches
  8 hobgoblins
  11 jackals
  3 quokkas
  6 bats
  5 frilled lizards
  15 goblins
  6 kobolds
  A leopard gecko skeleton (D:6)
  6 rats
155 creatures vanquished.

Vanquished Creatures (others)
  An orc wizard (D:4)
  A fungus (D:7)
2 creatures vanquished.

Grand Total: 157 creatures vanquished

Notes
Turn   | Place    | Note
-------+----------+-------------------------------------------
     0 | D:1      | z0mbie90 the Minotaur Berserker began the quest for the
                  | Orb.
     0 | D:1      | Reached XP level 1. HP: 19/19 MP: 0/0
   204 | D:1      | Reached XP level 2. HP: 27/27 MP: 1/1
   406 | D:1      | Reached skill level 4 in Axes
   725 | D:2      | Reached XP level 3. HP: 26/33 MP: 2/2
  1224 | D:2      | Reached ** piety under Trog
  1244 | D:2      | Reached XP level 4. HP: 29/41 MP: 3/3
  1726 | D:3      | Noticed Robin
  1734 | D:3      | Killed Robin
  1734 | D:3      | Reached skill level 5 in Fighting
  1897 | D:3      | Found a faded altar of an unknown god.
  2025 | D:3      | Reached XP level 5. HP: 48/48 MP: 4/4
  2468 | D:4      | Noticed a phantom
  2498 | D:4      | Killed a phantom
  2498 | D:4      | Reached skill level 5 in Axes
  2641 | D:4      | Reached XP level 6. HP: 52/56 MP: 5/5
  2951 | D:4      | Reached *** piety under Trog
  3061 | D:4      | Reached skill level 6 in Axes
  3212 | D:4      | Found a hide-covered altar of Uskayaw.
  4015 | D:5      | Entered Level 5 of the Dungeon
  4037 | D:5      | Reached XP level 7. HP: 56/63 MP: 6/6
  4343 | D:5      | Found a radiant altar of Vehumet.
  4347 | D:5      | Found a bloodstained altar of Trog.
  4350 | D:5      | Found a shimmering blue altar of Sif Muna.
  4758 | D:5      | Reached skill level 7 in Axes
  4762 | D:5      | Reached skill level 5 in Armour
  4767 | D:5      | Reached XP level 8. HP: 45/73 MP: 7/7
  5013 | D:5      | You fall into a shaft and drop 1 floor!
  5086 | D:6      | Reached skill level 5 in Dodging
  5184 | D:6      | Noticed Sigmund
  5200 | D:6      | Killed Sigmund
  5200 | D:6      | Reached **** piety under Trog
  5200 | D:6      | Reached skill level 8 in Axes
  5547 | D:6      | Found a basalt altar of Yredelemnul.
  6244 | D:7      | Found a staircase to the Ecumenical Temple.
  6306 | D:7      | Reached skill level 9 in Axes
  6574 | D:7      | Reached XP level 9. HP: 61/81 MP: 8/8
  6682 | D:7      | Noticed Menkaure
  6690 | D:7      | Killed Menkaure
  7058 | D:7      | HP: 3/121 [steam dragon] (4)]
  7058 | D:7      | Killed from afar by a steam dragon

Illustrated notes

Levels and vault maps discovered:
D:1:      lordsloth_arrival_two_stooges, layout_loops_ring,
          minmay_misc_feat_diagonals
D:2:      layout_basic
D:3:      layout_loops_cross, chequers_ecumenical_altar_simple, uniq_robin
D:4:      layout_loops_corners, overflow_temple_1_default
D:5:      layout_basic, minmay_overflow_temple_star_quad, first_ration,
          minmay_holes, kennysheep_slug_shrine
D:6:      layout_loops_ring, kennysheep_mini, uniq_sigmund
D:7:      kennysheep_steamy, layout_cave_pools, minmay_temple_entry_large_hall,
          the_bakery, grunt_ministairs_10, chequers_serial_rivers_small_b,
          st_stairs_13, uniq_menkaure

Skill      XL: |  1  2  3  4  5  6  7  8  9 |
---------------+----------------------------+-----
Fighting       | 4 5 6 7 8 |  8.2
Axes           | 4 5 6 7 9 |  9.7
Armour         | 3 4 5 6 |  6.7
Dodging        | 3 4 5 6 |  6.2

Action                   |  1- 3 |  4- 6 |  7- 9 || total
-------------------------+-------+-------+-------++-------
Melee: Hand axe          |    81 |   151 |   200 ||   432
       Headbutt          |    12 |    29 |    34 ||    75
       Unarmed           |       |       |     8 ||     8
Invok: Berserk           |     1 |     6 |     5 ||    12
       Trog's Hand       |       |     1 |       ||     1
  Use: Scroll            |     3 |     1 |       ||     4
       Potion            |       |     1 |     3 ||     4
 Stab: Sleeping          |     1 |       |       ||     1
  Eat: Chunk             |     2 |     7 |     7 ||    16
       Ration            |       |     3 |     2 ||     5
Armor: Animal skin       |    22 |     6 |       ||    28
       Scale mail        |       |    32 |       ||    32
       Leather armour    |       |       |    56 ||    56
Dodge: Dodged            |    62 |    82 |   147 ||   291
